 Dungeon Crawl Stone Soup version 0.32-a0-868-g153ae1a8d6 (webtiles) character file.

Game seed: 10215478586285390039

67697 whatisthis the Stormcaller (level 15, -20/96 HPs)
             Began as a Tengu Air Elementalist on Mar 28, 2024.
             Was a High Priest of Vehumet.
             Demolished by a boulder beetle (40 damage)
             ... on level 14 of the Dungeon.
             The game lasted 01:01:06 (22387 turns).

whatisthis the Stormcaller (TeAE)                  Turns: 22387, Time: 01:01:07

Health: -20/96     AC:  6    Str: 16    XL:     15   Next: 24%
Magic:  13/33      EV: 35    Int: 24    God:    Vehumet [*****.]
Gold:   1550       SH:  4    Dex: 18    Spells: 4/40 levels left

rFire   . . .        G - +8 short sword "Upiaj" {flame, rPois rC+ Dex+3}
rCold   + . .        U - +0 buckler
rNeg    . . .        P - +0 steam dragon scales
rPois   +            (helmet restricted)
rElec   .            (no cloak)
rCorr   +            j - +0 pair of gloves
SInv    .            (boots unavailable)
Will    ++...        o - amulet of magic regeneration
Stlth   ++           Y - ring of Zufukiho {Fly Will+ rCorr Str+6 Int+3}
HPRegen 0.36/turn    r - +5 ring of evasion
MPRegen 0.63/turn

%: acrobat
@: acrobatic, flying
A: beak, talons 3, evasive flight, acrobatic
a: Renounce Religion


You were on level 14 of the Dungeon.
You worshipped Vehumet.
Vehumet was extremely pleased with you.
You visited 3 branches of the dungeon, and saw 20 of its levels.
You also visited: Ossuary.

You collected 1550 gold pieces.

Inventory:

Hand Weapons
 i - a +3 dagger of venom
 p - the +5 long sword of Watchfulness {holy, rCorr Str-3 Int+6 Dex-4}
   (You took it off a kobold on level 2 of the Dungeon)

   Str-3:     It affects your strength (-3).
   Int+6:     It affects your intelligence (+6).
   Dex-4:     It affects your dexterity (-4).
   rCorr:     It protects you from acid and corrosion.
 G - the +8 short sword "Upiaj" (weapon) {flame, rPois rC+ Dex+3}
   (You found it on level 9 of the Dungeon)

   Dex+3:     It affects your dexterity (+3).
   rC+:       It protects you from cold.
   rPois:     It protects you from poison.
Missiles
 c - 48 poisoned darts
 f - a throwing net (quivered)
 M - a curare-tipped dart
Armour
 j - a +0 pair of gloves (worn)
 O - a +0 kite shield
 P - +0 steam dragon scales (worn)
 U - a +0 buckler (worn)
Magical Staves
 t - a staff of air
Jewellery
 h - an amulet of reflection
 o - an amulet of magic regeneration (around neck)
 q - a ring of poison resistance
 r - a +5 ring of evasion (right hand)
 z - a +6 ring of intelligence
 L - a +4 ring of protection
 V - a ring of magical power
 Y - the ring of Zufukiho (left hand) {Fly Will+ rCorr Str+6 Int+3}
   (You found it on level 5 of the Lair of Beasts)

   [ring of strength]

   Str+6:     It affects your strength (+6).
   Int+3:     It affects your intelligence (+3).
   Will+:     It increases your willpower.
   Fly:       It grants you flight.
   rCorr:     It protects you from acid and corrosion.
Wands
 a - a wand of paralysis (8)
 l - a wand of flame (24)
 s - a wand of light (30)
 D - a wand of iceblast (4)
 T - a wand of digging (5)
Scrolls
 g - 5 scrolls of amnesia
 m - a scroll of enchant weapon
 u - 4 scrolls of revelation
 v - 3 scrolls of fog
 w - 5 scrolls of immolation
 y - 6 scrolls of brand weapon
 A - a scroll of identify
 B - a scroll of blinking
 C - 2 scrolls of enchant armour
 H - 6 scrolls of teleportation
 I - 4 scrolls of poison
 Q - 2 scrolls of fear
Potions
 b - 2 potions of magic
 d - 9 potions of enlightenment
 e - 8 potions of heal wounds
 k - 10 potions of curing
 n - 3 potions of haste
 x - 5 potions of brilliance
 E - 4 potions of ambrosia
 F - 4 potions of might
 J - 3 potions of resistance {unknown}
 K - a potion of cancellation {unknown}
 S - a potion of lignification {unknown}
 W - a potion of berserk rage {unknown}
 X - a potion of invisibility {unknown}
 Z - a potion of mutation {unknown}
Miscellaneous
 R - a phantom mirror


   Skills:
 + Level 11.7 Fighting
 - Level 2.1 Dodging
 - Level 2.0 Stealth
 + Level 13.1 Spellcasting
 + Level 17.8 Conjurations
 + Level 18.2 Air Magic


You had 4 spell levels left.
You knew the following spells:

 Your Spells              Type           Power      Damage    Failure   Level
a - Shock                 Conj/Air       100%       1d9       0%          1
b - Static Discharge      Conj/Air       100%       3-8/arc   0%          2
c - Swiftness             Air            80%        N/A       0%          3
d - Airstrike             Air            40%        2d(6-22)  1%          4
e - Iskenderun's Mystic   Conj/Tloc      55%        2d12      (+2d61%     4
f - Arcjolt               Conj/Air       40%        1d50      1%          5
g - Stone Arrow           Conj/Erth      100%       3d13      1%          3
h - Freezing Cloud        Conj/Ice/Air   32%        6-21      1%          5
i - Mephitic Cloud        Conj/Alch/Air  65%        N/A       1%          3
j - Plasma Beam           Fire/Air       28%        2x1d40    5%          6

Your spell library contained the following spells:

 Spells                   Type           Power      Damage    Failure   Level
 Iskenderun's Battlesphe  Conj           79%        2d13      1%          5
 Freeze                   Ice            60%        1d7       1%          1
 Sandblast                Erth           30%        2d9       1%          1
 Cigotuvi's Dreadful Rot  Necr/Alch/Air  88%        N/A       1%          2
 Momentum Strike          Conj/Tloc      100%       3d10      1%          2
 Hailstorm                Conj/Ice       55%        3d11      1%          3
 Brom's Barrelling Bould  Conj/Erth      55%        2d7       1%          4
 Vhi's Electric Charge    Tloc/Air       100%       N/A       1%          4
 Necrotise                Necr           60%        1d7       4%          1
 Frozen Ramparts          Ice            30%        1d5       4%          3
 Blink                    Tloc           30%        N/A       8%          2
 Lesser Beckoning         Tloc           30%        N/A       8%          2
 Ignite Poison            Fire/Alch      15%        N/A       13%         4
 Call Canine Familiar     Summ           15%        N/A       16%         3
 Fugue of the Fallen      Necr           15%        N/A       16%         3
 Ozocubu's Armour         Ice            15%        N/A       16%         3
 Sigil of Binding         Hex            15%        N/A       16%         3
 Teleport Other           Tloc           15%        N/A       16%         3
 Tukima's Dance           Hex            15%        N/A       16%         3
 Vampiric Draining        Necr           15%        2d7       16%         3
 Anguish                  Hex/Necr       7%         N/A       45%         4
 Animate Armour           Summ/Erth      30%        N/A       45%         4
 Cause Fear               Hex            7%         N/A       45%         4
 Dimensional Bullseye     Hex/Tloc       7%         N/A       45%         4
 Martyr's Knell           Necr/Summ      15%        N/A       45%         4
 Maxwell's Portable Pile  Tloc           15%        2d(7-14)  45%         4
 Maxwell's Capacitive Co  Air            40%        ∞         5%          8
 Curse of Agony           Necr           15%        N/A       80%         5
 Lehudib's Crystal Spear  Conj/Erth      27%        10d7      88%         8
 Dispersal                Tloc           7%         N/A       100%        6
 Gell's Gavotte           Tloc           7%         2d(14-21) 100%        6
 Enfeeble                 Hex            7%         N/A       100%        7
 Manifold Assault         Tloc           7%         N/A       100%        7


Dungeon Overview and Level Annotations

Branches:
Dungeon (14/15)            Temple (1/1) D:7            Lair (5/5) D:10
  Swamp (0/4) Lair:2       Spider (0/4) Lair:2        Slime (0/5) Lair:5
    Orc (0/2) D:9         Ossuary (visited)
 Vaults: D:13-14

Altars:
Ashenzari
Cheibriados
Dithmenos
Elyvilon
Fedhas
Gozag
Hepliaklqana
Kikubaaqudgha
Makhleb
Nemelex Xobeh
Okawaru
Qazlal
Ru
Sif Muna
Trog
Uskayaw
Vehumet
Wu Jian
Xom
Yredelemnul
Zin
The Shining One
Jiyva

Shops:
D:10 *

Portals:
Hell: Lair:5

Annotations:
D:3 1 runed translucent door, seawaffle's ghost, amateur GrEE
D:11 1 runed translucent door
D:13 Agnes
Temple 2 transporters
Lair:4 1 exclusion, Rupert
Lair:5 2 transporters, Wuelaos's ghost, journeyman DrBe


Innate Abilities, Weirdness & Mutations

You have a beak for a mouth.
You have claws for feet.
Your magical flight helps you evade attacks. (EV +4)
You can magically evade attacks while moving or waiting.


Message History

The green ugly thing is struck by an electric surge!
The green ugly thing is moderately wounded.
The green ugly thing gurgles horribly!
The +4 long sword hits you! The +4 long sword misses you.
The green ugly thing closely misses you.
The green ugly thing completely misses you.
Unknown command.
Unknown command.
Casting: Arcjolt (safe; 1% risk of failure)
Confirm with . or Enter, or press ? or * to list all spells.
Electricity surges outward!
The green ugly thing is struck by an electric surge!!!
You kill the green ugly thing!
Vehumet accepts your kill.
The green ugly thing is struck by an electric surge!!!
The green ugly thing is severely wounded.
You hear a shout!
The +4 long sword hits you!
You block the green ugly thing's attack.
The +4 long sword hits you!
* * * LOW HITPOINT WARNING * * *
Unknown command.
Okay, then.
Blink to where?
Press: ? - help, Dir - move target
Found the +9 staff of Olgreb {rPois∞} and a scroll of teleportation.
As you read the scroll of blinking, it crumbles to dust.
Your surroundings suddenly seem different.
A deep elf pyromancer comes into view. It is wielding a +0 long sword.
A centaur warrior comes into view.
Found a scroll labelled BEAPEPSATO.
The deep elf pyromancer mumbles some strange words.
The deep elf pyromancer blinks!
You start resting.
A boulder beetle is nearby!
Found 6 gold pieces.
A vault guard comes into view. It is wielding a +4 long sword.
The boulder beetle curls into a ball and begins rolling!
The boulder beetle hits you!!!
You die...

.......
$..............#
##.....
..#####+###....# #
#...
...###..###....# .
...
..........e....# .
.. ...............#
. .
#..^.°..?......# #.
. #.
#..###○.#####+##
#$!##.####..###B.##
..............@>..#
.......)..........#
........<.........#
###################


You could see a boulder beetle (rolling) and a deep elf pyromancer.

Vanquished Creatures
  Jorgrun (D:13)
  Nessos (Lair:4)
  An eleionoma (Lair:1)
  Azrael (D:12)
  4 hydras
  A rakshasa (D:13)
  A hell beast (Lair:5)
  2 centaur warriors
  A boulder beetle (Lair:4)
  A two-headed ogre (D:12)
  16 death yaks
  An occultist (Lair:5)
  A skeletal warrior (D:14)
  A skyshark (Lair:5)
  A wolf spider (Lair:5)
  A deep elf pyromancer (D:12)
  4 ugly things
  2 manticores
  3 cyclopes
  6 elephants
  8 black mambas
  2 orange demons (Lair:5)
  A salamander (shapeshifter) (D:13)
  2 gargoyles
  15 cane toads
  A kobold demonologist (D:11)
  3 rime drakes (Lair:5)
  3 ice devils (Lair:5)
  An unseen horror (D:12)
  8 komodo dragons
  A red devil (Lair:5)
  6 polar bears
  5 trolls
  A hellwing (Lair:5)
  Grinder (D:3)
  4 jumping spiders (Lair:2)
  34 blink frogs
  Sigmund (D:5)
  4 slime creatures (D:13)
  2 wraiths
  44 yaks
  2 culicivoras (Lair:2)
  2 vampires
  8 wyverns
  5 fire elementals (D:12)
  2 steam dragons (D:10)
  A redback (Lair:2)
  7 vampire mosquitoes
  2 acid dragons
  16 water moccasins
  6 hell hounds
  3 orc warriors (D:9)
  A black bear (shapeshifter) (D:13)
  4 laughing skulls (D:13)
  9 wolves
  4 centaurs
  A phantom (D:5)
  2 kobold brigands
  11 bullfrogs
  A gnoll sergeant (D:12)
  3 scorpions
  3 wights (D:7)
  6 killer bees (D:10)
  4 howler monkeys
  4 bombardier beetles
  5 bullfrog zombies (Ossuary)
  3 hounds (D:6)
  5 orc priests
  A gnoll bouda (D:9)
  2 iguanas (D:4)
  3 jellies
  A sleepcap (D:3)
  16 orc wizards
  A killer bee zombie (Ossuary)
  3 crocodile zombies (Ossuary)
  A hound zombie (Ossuary)
  6 howler monkey zombies (Ossuary)
  7 mummies (Ossuary)
  10 gnolls
  10 adders
  4 shadow imps (D:4)
  A white imp (D:4)
  2 ufetubi (D:6)
  3 ribbon worms (D:2)
  4 dart slugs
  39 orcs
  7 ball pythons
  8 endoplasms
  2 giant cockroaches
  5 hobgoblins
  18 kobolds
  7 quokkas
  2 ball python zombies (Ossuary)
  3 bats
  8 frilled lizards
  4 goblins
  6 rats
501 creatures vanquished.

Notes
Turn   | Place    | Note
-------+----------+-------------------------------------------
     0 | D:1      | whatisthis the Tengu Air Elementalist began the quest for
                  | the Orb.
     0 | D:1      | Reached XP level 1. HP: 10/10 MP: 4/4
   191 | D:1      | Reached XP level 2. HP: 15/15 MP: 4/6
   555 | D:1      | Reached XP level 3. HP: 19/19 MP: 1/7
   558 | D:1      | Learned a level 2 spell: Static Discharge
  1057 | D:2      | Found an ornate altar of the Wu Jian Council.
  1418 | D:2      | Identified the +5 long sword of Watchfulness {holy, rCorr
                  | Str-3 Int+6 Dex-4}
  1488 | D:2      | Reached XP level 4. HP: 24/24 MP: 7/9
  1499 | D:2      | Learned a level 3 spell: Swiftness
  1601 | D:2      | Reached skill level 5 in Air Magic
  1874 | D:2      | Found a faded altar of an unknown god.
  2279 | D:3      | Found a runed translucent door.
  2283 | D:3      | Noticed seawaffle's ghost (amateur GrEE)
  2338 | D:3      | Found an opulent altar of Gozag.
  2432 | D:3      | Reached XP level 5. HP: 28/28 MP: 5/10
  2478 | D:3      | Found a shadowy altar of Dithmenos.
  2531 | D:3      | Noticed Grinder
  2540 | D:3      | Paralysed by Grinder for 2 turns
  2542 | D:3      | Killed Grinder
  2543 | D:3      | Reached skill level 6 in Air Magic
  2543 | D:3      | Reached XP level 6. HP: 17/32 MP: 2/12
  2671 | D:3      | Learned a level 4 spell: Airstrike
  2939 | D:4      | Reached skill level 5 in Conjurations
  3216 | D:4      | Gained mutation: Your magical flight helps you evade
                  | attacks. (EV +4) [Tengu growth]
  3216 | D:4      | Reached XP level 7. HP: 36/36 MP: 8/14
  3422 | D:4      | Learned a level 4 spell: Iskenderun's Mystic Blast
  3746 | D:4      | Got the Disquisition on Orientation
  3822 | D:5      | Entered Level 5 of the Dungeon
  3824 | D:5      | Reached skill level 7 in Air Magic
  3838 | D:5      | Noticed a vampire
  3919 | D:5      | Found a sand-covered staircase.
  3928 | Ossuary  | Entered an ossuary
  4197 | Ossuary  | Reached skill level 5 in Spellcasting
  4201 | Ossuary  | Reached XP level 8. HP: 40/41 MP: 16/16
  4291 | Ossuary  | Reached skill level 8 in Air Magic
  4888 | D:5      | Noticed Sigmund
  4889 | D:5      | Killed Sigmund
  5066 | D:5      | Reached skill level 9 in Air Magic
  5280 | D:5      | Killed a vampire
  5281 | D:5      | Reached XP level 9. HP: 45/45 MP: 4/19
  5346 | D:5      | Learned a level 5 spell: Arcjolt
  5585 | D:6      | Found a white marble altar of Elyvilon.
  6311 | D:7      | Found a staircase to the Ecumenical Temple.
  6325 | Temple   | Found a transporter.
  6325 | Temple   | Found a transporter.
  6325 | Temple   | Found a transporter.
  6325 | Temple   | Found a transporter.
  6325 | Temple   | Entered the Ecumenical Temple
  6341 | Temple   | Became a worshipper of Vehumet
  6387 | D:7      | Reached skill level 10 in Air Magic
  6527 | D:7      | Found a basalt altar of Yredelemnul.
  6642 | D:6      | Learned a level 3 spell: Stone Arrow
  6986 | D:7      | Reached skill level 10 in Conjurations
  7005 | D:7      | Reached skill level 11 in Air Magic
  7209 | D:8      | Reached XP level 10. HP: 51/51 MP: 17/22
  7300 | D:8      | Reached skill level 1 in Fighting
  7605 | D:8      | Reached * piety under Vehumet
  7605 | D:8      | Offered knowledge of Kiss of Death by Vehumet.
  8076 | D:9      | Identified the +8 short sword "Upiaj" {flame, rPois rC+
                  | Dex+3}
  8094 | D:9      | Found a shimmering altar of Xom.
  8186 | D:9      | Found a staircase to the Orcish Mines.
  8268 | D:9      | Found a hide-covered altar of Uskayaw.
  8563 | D:9      | Reached ** piety under Vehumet
  8820 | D:9      | Offered knowledge of Foxfire by Vehumet.
  8821 | D:9      | Reached skill level 12 in Air Magic
  9092 | D:9      | Found a snail-covered altar of Cheibriados.
  9544 | D:10     | Entered Level 10 of the Dungeon
  9743 | D:10     | Reached XP level 11. HP: 46/61 MP: 3/24
  9882 | D:10     | Found a staircase to the Lair.
 10053 | D:10     | Found Esydetes's Assorted Antiques.
 10444 | D:10     | Learned a level 5 spell: Freezing Cloud
 10445 | D:11     | Noticed a manticore
 10707 | Lair:1   | Entered Level 1 of the Lair of Beasts
 10786 | Lair:1   | Reached skill level 5 in Fighting
 10988 | Lair:1   | Reached skill level 13 in Air Magic
 11739 | Lair:2   | Offered knowledge of Inner Flame by Vehumet.
 11806 | Lair:2   | Noticed an eleionoma
 11943 | Lair:2   | Reached XP level 12. HP: 71/71 MP: 9/26
 12019 | Lair:2   | Found a hole to the Spider Nest.
 12107 | Lair:2   | Reached *** piety under Vehumet
 12118 | Lair:2   | Reached skill level 14 in Air Magic
 12120 | Lair:2   | Reached skill level 10 in Spellcasting
 12347 | Lair:2   | Noticed a death yak
 12347 | Lair:2   | Noticed a death yak
 12347 | Lair:2   | Noticed a death yak
 12348 | Lair:2   | Noticed a death yak
 12348 | Lair:2   | Noticed a death yak
 12348 | Lair:2   | Noticed a death yak
 12399 | Lair:2   | Killed a death yak
 12404 | Lair:2   | Killed a death yak
 12452 | Lair:1   | Offered knowledge of Mephitic Cloud by Vehumet.
 12494 | Lair:1   | Learned a level 3 spell: Mephitic Cloud
 12508 | Lair:2   | Found a staircase to the Swamp.
 12545 | Lair:1   | Killed an eleionoma
 12648 | Lair:1   | Killed a death yak
 12893 | Lair:2   | Killed a death yak
 12895 | Lair:2   | Killed a death yak
 12896 | Lair:2   | Killed a death yak
 13494 | Lair:3   | Reached skill level 15 in Air Magic
 13601 | Lair:3   | Reached XP level 13. HP: 78/78 MP: 28/28
 13627 | Lair:3   | Reached **** piety under Vehumet
 13859 | Lair:3   | Offered knowledge of Volatile Blastmotes by Vehumet.
 13863 | Lair:3   | Reached skill level 15 in Conjurations
 14820 | Lair:4   | Noticed Nessos
 14826 | Lair:4   | Killed Nessos
 15051 | Lair:4   | Reached skill level 16 in Air Magic
 15501 | Lair:4   | Noticed Rupert
 15880 | Lair:5   | Entered Level 5 of the Lair of Beasts
 16058 | Lair:4   | Reached skill level 10 in Fighting
 16058 | Lair:4   | Reached XP level 14. HP: 69/88 MP: 1/30
 16502 | Lair:5   | Found a transporter.
 16507 | Lair:5   | Found a transporter.
 16507 | Lair:5   | Noticed Wuelaos's ghost (journeyman DrBe)
 16534 | Lair:5   | Found a staircase to the Slime Pits.
 16535 | Lair:5   | Found a viscous altar of Jiyva.
 16544 | Lair:5   | Reached ***** piety under Vehumet
 16544 | Lair:5   | Offered knowledge of Plasma Beam by Vehumet.
 16784 | Lair:5   | Learned a level 6 spell: Plasma Beam
 16986 | Lair:5   | Found a shimmering altar of Xom.
 16991 | Lair:5   | Reached skill level 17 in Air Magic
 17914 | Lair:5   | Found a burning altar of Makhleb.
 18160 | Lair:5   | Found a gateway to Hell.
 18167 | Lair:5   | Identified the ring of Zufukiho {Fly Will+ rCorr Str+6
                  | Int+3}
 18528 | D:11     | Found a runed translucent door.
 18531 | D:11     | Identified the ring of Autumn {Fire rN+ Str-5 Int+3 Dex+2}
 19224 | D:11     | Noticed an angel
 19225 | D:11     | Found a glowing silver altar of Zin.
 19553 | D:12     | Noticed Azrael
 19573 | D:12     | Killed Azrael
 20343 | D:12     | Offered knowledge of Iskenderun's Battlesphere by Vehumet.
 20543 | D:12     | Reached XP level 15. HP: 95/95 MP: 20/32
 21204 | D:13     | Reached skill level 18 in Air Magic
 21216 | D:13     | Noticed Jorgrun
 21249 | D:13     | Killed Jorgrun
 22079 | D:14     | Noticed Agnes
 22372 | D:14     | Found the +9 staff of Olgreb {rPois∞}
 22387 | D:14     | Demolished by a boulder beetle

Illustrated notes

Levels and vault maps discovered:
D:1:      erik_arrival_triangle_large, layout_rooms
D:2:      wad_woods_stonehenge, layout_basic, hellmonk_ecumenical_altar_zigzags
D:3:      layout_rooms, lemuel_tele_altar, amcnicky_altar_gilded,
          ebering_ghost_inner_flame, uniq_grinder
D:4:      layout_cave_pools, serial_library, serial_library_hellmonk_hallway_b,
          serial_library_hellmonk_octagon,
          serial_library_hellmonk_narrow_alcove,
          serial_library_hellmonk_double_dead_end,
          serial_library_hellmonk_angled_corner,
          serial_library_hellmonk_hallway_b, serial_library_hellmonk_statue_hall
D:5:      layout_gridville, lightli_ossuary_entry_decrepit_ruins, uniq_sigmund
D:6:      layout_loops_ring, elyvilon_altar_5
D:7:      layout_cave_pools, yredelemnul_altar_generic,
          minmay_temple_entry_waves, minivault_23
D:8:      layout_loops_corners
D:9:      layout_layer_cave, slow_altar_2, nicolae_uskayaw_dance_hall,
          mainiacjoe_overflow_brackets, orc_0_dummy
D:10:     layout_roguey, erik_lair_dragon, serial_shops, nicolae_shop_tiny_glass
D:11:     layout_loops_ring, minmay_st_funbox, zin_angel
D:12:     layout_stronghold, uniq_azrael
D:13:     layout_long_grid, uniq_jorgrun
D:14:     layout_gridville, erik_vaults_1, abandoned_shop,
          minmay_guarded_unrand_staff_of_olgreb, uniq_agnes
Temple:   hellmonk_temple_divided_pantheon
Lair:1:   layout_regular_city, ldierk_geyser, grunt_megastairs_1
Lair:2:   layout_misc_corridors, alex1729_swamp_entry_worm_eleionoma,
          nicolae_spider_entry_tight_spaces
Lair:3:   layout_cave_pods, grunt_megastairs_3
Lair:4:   layout_concentric_octagons, chequers_serial_rivers_small_a,
          uniq_rupert, uniq_nessos
Lair:5:   evil_forest, layout_cave_shapes, slime_entry_1, basic_altar,
          gammafunk_ghost_arena, grunt_forest_small_clearings,
          hangedman_lair_generics_rect

Skill      XL: |  1  2  3  4  5  6  7  8  9 10 11 12 13 14 15 |
---------------+----------------------------------------------+-----
Conjurations   | 2 3 4 5 6 8 10 11 13 14 16 17 | 17.8
Air Magic      | 5 6 7 9 11 12 13 15 16 17 18 | 18.2
Spellcasting   | 3 4 5 6 7 8 9 10 11 12 13 | 13.1
Fighting       | 4 6 8 10 11 | 11.7
Dodging        | |  2.1
Stealth        | |  2.0

Action                     |  1- 3 |  4- 6 |  7- 9 | 10-12 | 13-15 || total
---------------------------+-------+-------+-------+-------+-------++-------
  Melee: Dagger            |     5 |       |       |       |       ||     5
         Kick              |     1 |       |    17 |     3 |    15 ||    36
         Peck              |     1 |       |    15 |     2 |     8 ||    26
         Long sword        |       |       |    76 |     3 |       ||    79
         Short sword       |       |       |       |    11 |    34 ||    45
  Throw: Throwing net      |       |       |       |     2 |     1 ||     3
         Dart              |       |       |       |     1 |       ||     1
   Cast: Shock             |    78 |    70 |   150 |    62 |    11 ||   371
         Static Discharge  |       |     3 |     7 |       |       ||    10
         Swiftness         |       |     1 |       |     1 |       ||     2
         Airstrike         |       |     4 |    32 |   118 |   122 ||   276
         Arcjolt           |       |       |    12 |    50 |    35 ||    97
         Iskenderun's Myst |       |       |     1 |     3 |     9 ||    13
         Stone Arrow       |       |       |       |    28 |    27 ||    55
         Freezing Cloud    |       |       |       |    29 |    98 ||   127
         Plasma Beam       |       |       |       |       |    76 ||    76
  Evoke: Wand              |       |       |       |       |     4 ||     4
    Use: Scroll            |       |       |    10 |     6 |    10 ||    26
         Potion            |       |       |       |     1 |       ||     1
   Stab: Invisible         |       |       |       |       |     1 ||     1
         Sleeping          |       |       |       |       |     2 ||     2
 Armour: Robe              |    11 |     4 |    54 |     9 |       ||    78
         Steam dragon scal |       |       |       |    35 |    75 ||   110
  Dodge: Dodged            |    12 |     1 |   112 |    74 |   114 ||   313
  Block: Buckler           |       |       |       |       |    18 ||    18

Table legend: (Time is in decaauts)
 A = Elapsed time spent in this place.
 B = Non-inter-level travel time spent in this place.
 C = Inter-level travel time spent in this place.
 D = Time resting spent in this place.
 E = Time spent auto-exploring this place.
 F = Levels seen in this place.
 G = Mean time per level.
                   A        B        C        D        E       F      G
               +--------+--------+--------+--------+--------+-----+--------+
         Total |  22439 |  21472 |    967 |   4370 |  11932 |  21 | 1068.5 |
       Dungeon |  14176 |  13555 |    621 |   2246 |   8676 |  14 | 1012.6 |
        Temple |     30 |     18 |     12 |      0 |      0 |   1 |   30.0 |
          Lair |   7636 |   7303 |    333 |   1932 |   3221 |   5 | 1527.2 |
       Ossuary |    595 |    595 |      0 |    192 |     35 |   1 |  595.0 |
               +--------+--------+--------+--------+--------+-----+--------+

Top non-repeatable levels by time:
  Lair:5: 1994 daAuts
  Lair:4: 1616 daAuts
     D:9: 1535 daAuts
  Lair:2: 1510 daAuts
    D:12: 1502 daAuts
    D:13: 1425 daAuts
     D:2: 1370 daAuts
  Lair:1: 1335 daAuts
  Lair:3: 1178 daAuts
    D:10: 1136 daAuts
     D:4: 1118 daAuts
    D:11: 1037 daAuts
     D:6: 976 daAuts
     D:8: 972 daAuts
     D:1: 899 daAuts
